 Dungeon Crawl Stone Soup version 0.25-a0-781-gc44aebf4fe (webtiles) character file.

Game seed: 596140358211286836, levelgen mode: deterministic

9 kae the Ruffian (level 2, 0/23 HPs)
             Began as a Draconian Transmuter on Apr 15, 2020.
             Slain by a hobgoblin
             ... wielding a +0 club
              (4 damage)
             ... on level 1 of the Dungeon.
             The game lasted 00:00:13 (67 turns).

kae the Ruffian (Draconian Transmuter)                Turns: 67, Time: 00:00:14

Health: 0/23       AC:  4    Str: 12    XL:     2   Next: 6%
Magic:  3/5        EV: 12    Int: 13    God:
Gold:   0          SH:  0    Dex: 11    Spells: 4/5 levels left

rFire    . . .     SeeInvis .     - Unarmed
rCold    . . .     Gourm    .   (no shield)
rNeg     . . .     Faith    .   (armour unavailable)
rPois    .         Spirit   .   (helmet restricted)
rElec    .         Reflect  .   (no cloak)
rCorr    .         Harm     .   (no gloves)
MR       .....                  (no boots)
Stlth    +.........             (no amulet)
HPRegen  0.07/turn              (no ring)
MPRegen  0.09/turn              (no ring)

@: no status effects
A: unfitting armour, cold-blooded, AC +4
a: no special abilities


You were on level 1 of the Dungeon.
You were not hungry.

You visited 1 branch of the dungeon, and saw 1 of its levels.

Inventory:

Missiles
 a - 12 arrows
Comestibles
 c - a ration


   Skills:
 - Level 1.1 Fighting
 - Level 1.7 Dodging
 * Level 3.3 Unarmed Combat
 + Level 2.1 Spellcasting
 + Level 2.2 Transmutations


You had 4 spell levels left.
You knew the following spells:

 Your Spells              Type           Power        Failure   Level  Hunger
a - Beastly Appendage     Tmut           #.....       10%         1    ##.....

Your spell library contained the following spells:

 Spells                   Type           Power        Failure   Level  Hunger
 Sticks to Snakes         Tmut           #.......     16%         2    ###....
 Spider Form              Tmut/Pois      #.........   43%         3    ####...
 Ice Form                 Ice/Tmut       #.......     85%         4    #####..
 Blade Hands              Tmut           #.........   95%         5    ######.


Dungeon Overview and Level Annotations

Branches:
Dungeon (1/15)

Altars:


Innate Abilities, Weirdness & Mutations

Your plain brown scales are hard. (AC +4)
You cannot fit into any form of body armour.
You are cold-blooded and may be slowed by cold attacks.


Message History

A frilled lizard comes into view.
The hobgoblin closely misses you.
The hobgoblin hits you but does no damage.
The frilled lizard hisses angrily.
The hobgoblin barely misses you. x2
The hobgoblin barely misses you.
The hobgoblin hits you but does no damage.
The hobgoblin hits you with a +0 club.
* * * LOW HITPOINT WARNING * * *
Your talons disappear.
You see here 11 gold pieces.
The hobgoblin hits you but does no damage.
You aren't carrying any potions.
The frilled lizard barely misses you.
Found 26 gold pieces.
Really walk into that dispersal trap?
You enter a dispersal trap!
The frilled lizard blinks!
The hobgoblin blinks! x3
The jackal blinks!
The goblin blinks!
The frilled lizard blinks!
The hobgoblin blinks!
You blink.
The hobgoblin hits you with a +0 club.
You die...

.......$.###......
........####$...#.
#
###.#.#..†.†..#....
#.##$..)
#...######...
#...g#.###..## ...
#§.#.....#§.#### ..
###........§.....#
#.
#.........§.§....#
.
.......@l.§..h...##
#......g§.......8.#
####.$..§...g....<#
#..g.......g.8.#
#...§....>....##
##............#
##.....#.....#
##...###.#### #...#
#.#


You could see a jackal, 4 hobgoblins, a goblin and a frilled lizard.

Vanquished Creatures
  A goblin (D:1)
  A hobgoblin (D:1)
  3 jackals (D:1)
  A frilled lizard (D:1)
  3 rats (D:1)
9 creatures vanquished.

Notes
Turn   | Place    | Note
-------+----------+-------------------------------------------
     0 | D:1      | kae the Draconian Transmuter began the quest for the Orb.
     0 | D:1      | Reached XP level 1. HP: 16/16 MP: 3/3
    43 | D:1      | Reached XP level 2. HP: 8/23 MP: 1/5
    67 | D:1      | Slain by a hobgoblin

Levels and vault maps discovered:
D:1:      mrwooster_arrival_statue, layout_rooms, interstate_on_off,
          lemuel_another_geyser

Action                   || total
-------------------------++-------
Melee: Unarmed           ||    23
       Tailslap          ||     3
       Kick              ||     2
 Cast: Beastly Appendage ||     3
Armor: Skin              ||    18
Dodge: Dodged            ||    37

Table legend:
 A = Non-vault XP
 B = Vault XP
 C = Vault XP percentage of total XP
 D = Non-vault monster count
 E = Vault monster count
 F = Vault count percentage of total count
                 A         B        C        D         E       F
            +---------+---------+-------+---------+---------+-------
      Total |      14 |       0 |   0.0 |       9 |       0 |   0.0
            +---------+---------+-------+---------+---------+-------
        D:1 |      14 |       0 |   0.0 |       9 |       0 |   0.0
            +---------+---------+-------+---------+---------+-------
